 Dungeon Crawl Stone Soup version 0.22-a0-407-gb098539 (webtiles) character file.

128 galech the Covered (level 5, 0/40 HPs)
             Began as a Gnoll Wanderer on May 9, 2018.
             Succumbed to an adder's poison
             ... on level 3 of the Dungeon.
             The game lasted 00:03:34 (2517 turns).

galech the Covered (Gnoll Wanderer)                 Turns: 2517, Time: 00:03:35

Health: 0/40       AC:  7    Str: 14    XL:     5   Next: 12%
Magic:  2/9        EV: 10    Int: 18    God:
Gold:   154        SH:  0    Dex: 12    Spells: 10/10 levels left

rFire    . . .     SeeInvis .   t - +2 mace (protect)
rCold    . . .     Gourm    .   (no shield)
rNeg     . . .     Faith    .   c - +0 ring mail
rPois    .         Spirit   +   r - +0 helmet
rElec    .         Reflect  .   (no cloak)
rCorr    .         Harm     .   (no gloves)
MR       .....                  (no boots)
Stlth    +.........             j - amulet of guardian spirit
HPRegen  0.13/turn              (no ring)
MPRegen  0.11/turn              (no ring)

@: lethally poisoned (0 -> -4), drained
A: distributed training, fangs 1, strong nose
a: no special abilities


You were on level 3 of the Dungeon.
You were hungry.

You visited 1 branch of the dungeon, and saw 3 of its levels.

You collected 154 gold pieces.

Inventory:

Hand Weapons
 t - a +2 mace of protection (weapon)
Armour
 c - a +0 ring mail (worn)
 r - a +0 helmet (worn)
Jewellery
 j - an amulet of guardian spirit (around neck)
 n - an uncursed amulet of harm
 o - an uncursed amulet of the gourmand
Scrolls
 a - 2 scrolls of identify {unknown}
 g - a scroll of random uselessness {unknown}
 h - 2 scrolls of remove curse
 i - 2 scrolls of amnesia {unknown}
 l - a scroll of fog {unknown}
 m - a scroll of magic mapping {unknown}
 p - a scroll of noise {unknown}
 s - a scroll of blinking {unknown}
 v - a scroll of enchant weapon {unknown}
Potions
 b - 2 potions of degeneration {unknown}
 e - 2 potions of haste {unknown}
 f - 2 potions of brilliance {unknown}
 k - a potion of curing {unknown}
 q - a potion of might {unknown}
 w - a potion of invisibility {unknown}
Comestibles
 d - 5 rations
 u - 5 chunks of flesh


   Skills:
 + Level 2.9(1.9) Fighting
 + Level 1.3(0.4) Short Blades
 + Level 1.3(0.4) Long Blades
 + Level 1.3(0.4) Axes
 + Level 1.3(0.4) Maces & Flails
 + Level 1.3(0.4) Polearms
 + Level 1.3(0.4) Staves
 + Level 1.3(0.4) Slings
 + Level 2.9(1.9) Bows
 + Level 1.3(0.4) Crossbows
 + Level 4.7(3.7) Throwing
 + Level 6.6(5.6) Armour
 + Level 1.3(0.4) Dodging
 + Level 1.3(0.4) Stealth
 + Level 1.3(0.4) Shields
 + Level 1.3(0.4) Unarmed Combat
 + Level 3.1(2.1) Spellcasting
 + Level 1.1(0.1) Conjurations
 + Level 1.1(0.1) Hexes
 + Level 1.1(0.1) Charms
 + Level 1.1(0.1) Summonings
 + Level 1.1(0.1) Necromancy
 + Level 1.1(0.1) Translocations
 + Level 1.1(0.1) Transmutations
 + Level 2.3(1.4) Fire Magic
 + Level 1.1(0.1) Ice Magic
 + Level 2.3(1.4) Air Magic
 + Level 1.1(0.1) Earth Magic
 + Level 1.1(0.1) Poison Magic
 + Level 1.5(0.5) Invocations
 + Level 1.3(0.4) Evocations


You had 10 spell levels left.
You didn't know any spells.

Dungeon Overview and Level Annotations

Branches:
Dungeon (3/15)

Altars:
Gozag
Nemelex Xobeh


Innate Abilities, Weirdness & Mutations

Your experience applies equally to all skills.
You have very sharp teeth.
Your uncanny sense of smell can sniff out nearby items.


Message History

You are too injured to fight recklessly!
You are too injured to fight recklessly!
You are too injured to fight recklessly!
The gnoll hits you from afar with a spear!
* * * LOW HITPOINT WARNING * * *
The adder bites you.
* * * LOW HITPOINT WARNING * * *
Some of the chunks of flesh in your inventory have rotted away.
The adder bites you but does no damage. The adder bites you but does no damage.
The adder bites you.
* * * LOW HITPOINT WARNING * * *
You are feeling hungry.
The adder bites you.
* * * LOW HITPOINT WARNING * * *
You are lethally poisoned!
The adder poisons you!
* * * LOW HITPOINT WARNING * * *
You feel sick.
You die...

.....#.........##.#.###.##
#....####......###.#....... ....
#......# #.#####.## ...
###.##.###.# ##'## ####.###
#...<....# ##.÷.# #......#
####.#######..÷.( # ##.##.#.#
##.## ##......
.####...#.#.#######...####.......
.gg.......)gg.S.@........'.......
.##.......#.#######...####.......
# #.##.####.# ###.## ##......
#.##.####g# #...# ##>....
#.##.g....# #.### ##...#
#.######### #.# ##'## #.# #.# #.#
#.# #.######### #.# #.#
#.##......###.##


You could see 2 gnolls and an adder.

Vanquished Creatures
  2 gnolls
  3 adders
  2 oozes
  A worm (D:2)
  4 dart slugs
  A leopard gecko (D:2)
  5 orcs (D:3)
  4 bats
  5 giant cockroaches
  6 goblins
  5 hobgoblins
  A quokka (D:3)
  A ball python (D:2)
  6 frilled lizards
  7 kobolds
  6 rats
59 creatures vanquished.

Notes
Turn   | Place    | Note
-------+----------+-------------------------------------------
     0 | D:1      | galech the Gnoll Wanderer began the quest for the Orb.
     0 | D:1      | galech set off with: a +0 mace, a +0 ring mail, a ration
     0 | D:1      | Reached XP level 1. HP: 17/17 MP: 4/4
    64 | D:1      | Reached XP level 2. HP: 3/23 MP: 5/5
   329 | D:1      | Reached XP level 3. HP: 10/28 MP: 7/7
   668 | D:1      | Reached skill level 1 in Invocations
   940 | D:2      | Reached skill level 1 in Short Blades
   940 | D:2      | Reached skill level 1 in Long Blades
   940 | D:2      | Reached skill level 1 in Axes
   940 | D:2      | Reached skill level 1 in Maces & Flails
   940 | D:2      | Reached skill level 1 in Polearms
   940 | D:2      | Reached skill level 1 in Staves
   940 | D:2      | Reached skill level 1 in Slings
   940 | D:2      | Reached skill level 1 in Crossbows
   940 | D:2      | Reached skill level 1 in Dodging
   940 | D:2      | Reached skill level 1 in Stealth
   940 | D:2      | Reached skill level 1 in Shields
   940 | D:2      | Reached skill level 1 in Unarmed Combat
   940 | D:2      | Reached skill level 1 in Evocations
  1000 | D:2      | Reached XP level 4. HP: 22/34 MP: 5/8
  1716 | D:2      | Found an opulent altar of Gozag.
  1723 | D:2      | Found a sparkling altar of Nemelex Xobeh.
  2102 | D:3      | Reached skill level 1 in Conjurations
  2102 | D:3      | Reached skill level 1 in Hexes
  2102 | D:3      | Reached skill level 1 in Charms
  2102 | D:3      | Reached skill level 1 in Summonings
  2102 | D:3      | Reached skill level 1 in Necromancy
  2102 | D:3      | Reached skill level 1 in Translocations
  2102 | D:3      | Reached skill level 1 in Transmutations
  2102 | D:3      | Reached skill level 1 in Ice Magic
  2102 | D:3      | Reached skill level 1 in Earth Magic
  2102 | D:3      | Reached skill level 1 in Poison Magic
  2456 | D:3      | Reached XP level 5. HP: 40/40 MP: 9/9
  2515 | D:3      | HP: 2/40 [adder (2)]
  2517 | D:3      | Succumbed to an adder's poison

Vault maps used:
D:1:      giann_forest_graveyard
D:2:      grunt_temple_overflow_opulence, first_ration

Skill      XL: |  1  2  3  4 |
---------------+-------------+-----
Fire Magic     | 2 |  2.3
Air Magic      | 2 |  2.3
Invocations    | 1 |  1.5
Short Blades   | 1 |  1.3
Long Blades    | 1 |  1.3
Axes           | 1 |  1.3
Maces & Flails | 1 |  1.3
Polearms       | 1 |  1.3
Staves         | 1 |  1.3
Slings         | 1 |  1.3
Crossbows      | 1 |  1.3
Dodging        | 1 |  1.3
Stealth        | 1 |  1.3
Shields        | 1 |  1.3
Unarmed Combat | 1 |  1.3
Evocations     | 1 |  1.3
Spellcasting   | 3 |  3.1
Conjurations   | 1 |  1.1
Hexes          | 1 |  1.1
Charms         | 1 |  1.1
Summonings     | 1 |  1.1
Necromancy     | 1 |  1.1
Translocations | 1 |  1.1
Transmutations | 1 |  1.1
Ice Magic      | 1 |  1.1
Earth Magic    | 1 |  1.1
Poison Magic   | 1 |  1.1
Fighting       | |  2.9
Bows           | |  2.9
Throwing       | |  4.7
Armour         | |  6.6

Action                   |  1- 3 |  4- 6 || total
-------------------------+-------+-------++-------
Melee: Mace              |    96 |   107 ||   203
       Bite              |    15 |     5 ||    20
  Use: Scroll            |       |     1 ||     1
       Potion            |       |     1 ||     1
  Eat: Chunk             |       |     5 ||     5
Armor: Ring mail         |    58 |    64 ||   122
Dodge: Dodged            |    73 |    95 ||   168

Table legend:
 A = Spawn XP
 B = Non-spawn XP
 C = Spawn XP percentage of total XP
 D = Spawn monster count
 E = Non-spawn monster count
 F = Spawn count percentage of total count
 G = Total turns spent on level
                    A         B        C        D         E        F      G
               +---------+---------+-------+---------+---------+-------+---------
         Total |       0 |     184 |   0.0 |       0 |      59 |   0.0 |  2517
               +---------+---------+-------+---------+---------+-------+---------
           D:1 |       0 |      58 |   0.0 |       0 |      21 |   0.0 |   891
           D:2 |       0 |      47 |   0.0 |       0 |      13 |   0.0 |  1051
           D:3 |       0 |      79 |   0.0 |       0 |      25 |   0.0 |   575
               +---------+---------+-------+---------+---------+-------+---------
